 Dungeon Crawl Stone Soup version 0.17-a0-1798-g879a7aa (webtiles) character file.

130012 KambridgeKobold the Hoplite (level 16, 0/135 HPs)
             Began as a Minotaur Fighter on Sept 10, 2015.
             Was the Champion of Ashenzari.
             Succumbed to a wolf spider's poison
             ... on level 3 of the Spider Nest.
             The game lasted 02:24:53 (30401 turns).

KambridgeKobold the Hoplite (Minotaur Fighter)     Turns: 30401, Time: 02:24:53

Health: 0/135      AC:  3    Str: 22    XL:     16   Next: 22%
Magic:  13/13      EV:  8    Int:  8    God:    Ashenzari [******]
Gold:   1625       SH: 27    Dex: 13    Spells: 2 memorised, 13 levels left

rFire  + + +     SeeInvis +     y - +8 mace of Poverty {crush, rPois rF++ MP-9 SInv} (curse)
rCold  . . .     Clarity  +     B - +0 plate armour (curse)
rNeg   . . .     SustAt   .     a - +2 large shield (curse)
rPois  +         Gourm    .     (helmet restricted)
rElec  .         Spirit   .     A - +1 cloak {rPois} (curse)
rCorr  .         Warding  .     j - +2 pair of gloves (curse)
rMut   +         Stasis   .     P - +2 pair of boots {run} (curse)
MR     +....                    o - amulet of resist mutation (curse)
Stlth  ..........               S - ring of protection from fire
                                v - +3 ring of protection (curse)

@: lethally poisoned (0 -> -21), about to teleport, corroded equipment, quick,
somewhat resistant to hostile enchantments, extremely unstealthy
A: retaliatory headbutt, horns 2
a: Scrying, Transfer Knowledge, Renounce Religion
}: 1/15 runes: gossamer


You were on level 3 of the Spider Nest.
You worshipped Ashenzari.
Ashenzari was exalted by your worship.
You were not hungry.

You visited 4 branches of the dungeon, and saw 27 of its levels.

You collected 2190 gold pieces.
You spent 565 gold pieces at shops.

Inventory:

Hand weapons
 y - the cursed +8 mace of Poverty (weapon) {crush, rPois rF++ MP-9 SInv}
   (You found it on level 4 of the Dungeon)

   It inflicts extra damage upon your enemies.
   It greatly protects you from fire.
   It protects you from poison.
   It affects your magic capacity (-9).
   It lets you see invisible.
   It has a curse placed upon it.
 G - the +7 longbow of the Snake Pit {velocity, *Confuse +Blink Str+5}
   (You found it on level 2 of the Spider Nest)

   Any arrow fired from it inflicts extra damage.
   It affects your strength (+5).
   It lets you blink.
   It may confuse you when you take damage.
Missiles
 T - 16 tomahawks (quivered)
Armour
 a - a cursed +2 large shield (worn)
 j - a cursed +2 pair of gloves (worn)
 A - a cursed +1 cloak of poison resistance (worn)
 B - a cursed +0 plate armour (worn)
 P - a cursed +2 pair of boots of running (worn)
Jewellery
 b - an uncursed ring of ice
 i - an uncursed ring of sustain attributes
 l - an uncursed ring of flight
 o - a cursed amulet of resist mutation (around neck)
 v - a cursed +3 ring of protection (left hand)
 I - a +3 ring of dexterity
 S - a ring of protection from fire (right hand)
Magical devices
 c - a wand of hasting (9)
 g - a wand of fireball (9)
 u - a wand of fire (3)
 x - a wand of polymorph (11)
 E - a wand of paralysis (10)
 K - a wand of draining (11)
 V - a wand of enslavement (17)
 X - a wand of heal wounds (4)
Scrolls
 k - 7 scrolls of fog
 p - a scroll of fear
 r - 2 scrolls of curse weapon
 s - 2 scrolls of enchant armour
 C - 7 scrolls of teleportation
 F - 2 scrolls of holy word
 H - a scroll of blinking
 J - a scroll of immolation
 Q - a scroll of identify
 R - 3 scrolls of magic mapping
 W - a scroll of summoning
 Y - 6 scrolls of remove curse
Potions
 d - 6 potions of might
 m - 2 potions of flight
 n - 5 potions of heal wounds
 t - 4 potions of lignification
 w - 2 potions of resistance
 z - 3 potions of cancellation
 D - 3 potions of haste
 L - 6 potions of curing
 O - a potion of berserk rage
 U - 2 potions of cure mutation
Miscellaneous
 M - a phial of floods
Comestibles
 e - 13 bread rations
 f - 16 meat rations
 h - 12 beef jerkies
 q - 2 royal jellies
 N - 9 slices of pizza
 Z - 12 fruits


   Skills:
 + Level 10.5 Fighting
 - Level 13.7(17.8) Maces & Flails
 - Level 14.1(18.1) Armour
 + Level 22.2(24.3) Shields
 - Level 10.3(13.1) Evocations


You had 13 spell levels left.
You knew the following spells:

 Your Spells              Type           Power        Failure   Level  Hunger
a - Summon Butterflies    Summ           #.......     100%        1    ##.....
b - Apportation           Tloc           #.........   100%        1    ##.....


Dungeon Overview and Level Annotations

Branches:
Dungeon (14/15)            Temple (1/1) D:7            Lair (8/8) D:8
  Swamp (0/4) Lair:5       Spider (4/4) Lair:4        Slime (0/6) Lair:8
    Orc (0/4) D:12
 Vaults: D:13-14

Altars:
Ashenzari
Cheibriados
Dithmenos
Elyvilon
Fedhas
Gozag
Makhleb
Nemelex Xobeh
Okawaru
Qazlal
Ru
Sif Muna
Trog
Vehumet
Xom
Yredelemnul
Zin
The Shining One
Lugonu

Shops:
D:5 *(%}   D:6 ![[   D:13 *

Annotations:
D:7 Rayvis's ghost, experienced MiFi
Spider:4 exclusion: 6 doors


Innate Abilities, Weirdness & Mutations

You reflexively headbutt those who attack you in melee.
You have a pair of horns on your head.


Message History

The wolf spider hits you!!
* * * LOW HITPOINT WARNING * * *
You block the wolf spider's attack.
* * * LOW HITPOINT WARNING * * *
You feel sick.
Evoke which item? (* to show all) (? for menu, Esc to quit)
Zapping:
X - a wand of heal wounds (5)
Press: ? - help, Shift-Dir - straight line, f - you You feel much better.
This wand has 4 charges left.
You feel very sick. The wolf spider hits you!
* * * LOW HITPOINT WARNING * * *
You block the wolf spider's attack. You block the entropy weaver's attack.
The entropy weaver hits you!
* * * LOW HITPOINT WARNING * * *
You block the entropy weaver's attack. The entropy weaver hits you!
* * * LOW HITPOINT WARNING * * *
You block the wolf spider's attack. The wolf spider bites you.
* * * LOW HITPOINT WARNING * * *
You die...

##..#.##.....####......#.....
#..^...##....###......###....
##....####.^...##........#....
#....>#.####...)#..?....=#.#..
###....#...##.....(.....######^
#..........###.........## ##
#...........>###.....###
##...........#.#.....#.######
##...........@.p......#....#
#.............s.......#.^..##
###..###.##.#.........#....^#
#### ######.#.....###.....#
####....#.....#.#
#.^....#..^.####
###......#..###
##^...<.......##
#.^............#


You could see an entropy weaver and a wolf spider.

Vanquished Creatures
  Arachne (Spider:3)
  7 emperor scorpions
  5 ghost moths
  Azrael (Spider:3)
  An entropy weaver (Spider:4)
  A fire dragon (Lair:1)
  The ghost of luca467 the Basher, a powerful MiBe of Trog (Lair:2)
  A catoblepas (D:13)
  6 hydras
  Erica (D:8)
  A centaur warrior (D:14)
  A tengu warrior (D:14)
  A death yak (Lair:3)
  A lindwurm (Lair:7)
  7 hill giants
  6 orb spiders
  A griffon (D:13)
  2 ugly things
  A manticore (D:11)
  23 wolf spiders
  8 elephants
  A cyclops (D:13)
  2 moths of wrath (Spider:4)
  A centaur zombie (D:10)
  5 black mambas
  A gargoyle (D:12)
  7 spiny frogs
  2 torpor snails
  4 komodo dragons
  A fire drake (shapeshifter) (D:13)
  2 fire drakes
  14 demonic crawlers
  3 trolls
  28 jumping spiders
  2 polar bears
  9 blink frogs
  A two-headed ogre (D:12)
  6 slime creatures
  18 trapdoor spiders
  A basilisk (Lair:7)
  2 fire elementals (Spider:3)
  A spriggan (Lair:6)
  16 tarantellas
  54 redbacks
  47 yaks
  A deep elf mage (D:9)
  5 wyverns
  11 hippogriffs
  Grum (D:8)
  A tarantella (shapeshifter) (Spider:4)
  A steam dragon (D:7)
  A vampire mosquito (Lair:8)
  9 wolves
  2 mottled dragons
  2 hungry ghosts
  3 hell hounds (Spider:3)
  16 water moccasins
  11 soldier ants
  13 porcupines
  4 sky beasts
  A black bear (Lair:6)
  6 ice beasts
  5 wasps
  A black bear (shapeshifter) (D:13)
  A necrophage (D:7)
  30 spiders
  9 ogres
  7 orc warriors
  A big kobold (D:11)
  6 phantoms
  13 centaurs
  8 crocodiles
  20 giant frogs
  An earth elemental (D:13)
  A scorpion (D:7)
  5 killer bees (D:10)
  6 wights
  11 electric eels
  5 crimson imps
  2 giant frog zombies
  6 hounds
  16 jellies
  17 orc wizards
  Crazy Yiuf (D:4)
  A quasit (D:12)
  9 orc priests
  A wasp zombie (D:12)
  6 giant frog skeletons
  3 centaur skeletons
  12 iguanas
  33 sheep
  29 worker ants
  2 worker ant zombies
  A hound skeleton (D:10)
  Robin (D:2)
  6 gnolls
  24 adders
  42 river rats
  2 shadow imps
  A giant eyeball (D:8)
  5 oozes
  2 adder skeletons
  3 worms
  54 orcs
  6 giant cockroaches
  15 goblins
  17 hobgoblins
  8 jackals
  10 kobolds
  A quokka (D:3)
  5 ball pythons
  4 bats
  A giant gecko (D:9)
  2 giant newts
  A jackal skeleton (D:5)
  7 rats
879 creatures vanquished.

Vanquished Creatures (collateral kills)
  An entropy weaver (Spider:3)
  The ghost of shakdrar the Protected, a powerful GrFi of Ashenzari (Lair:1)
  A queen ant (Lair:7)
  3 orb spiders (Spider:4)
  3 wolf spiders (Spider:4)
  A slime creature (D:12)
  8 redbacks (Spider:4)
  7 soldier ants (Lair:7)
  11 worker ants (Lair:7)
  An adder (D:12)
  2 orcs (D:12)
39 creatures vanquished.

Vanquished Creatures (others)
  An entropy weaver (Spider:4)
  An orb spider (Spider:4)
  2 wolf spiders (Spider:4)
  A moth of wrath (Spider:3)
  A jumping spider (Spider:3)
  A tarantella (Spider:4)
  A soldier ant (Lair:7)
  An electric eel (Lair:1)
  14 fungi
  42 plants
65 creatures vanquished.

Grand Total: 983 creatures vanquished

Notes
Turn   | Place    | Note
--------------------------------------------------------------
     0 | D:1      | KambridgeKobold the Minotaur Fighter began the quest for the Orb.
     0 | D:1      | Reached XP level 1. HP: 19/19 MP: 0/0
   307 | D:1      | Reached skill level 4 in Fighting
   307 | D:1      | Reached XP level 2. HP: 27/27 MP: 1/1
   447 | D:1      | Reached XP level 3. HP: 31/33 MP: 2/2
   866 | D:2      | Noticed Robin
   875 | D:2      | Killed Robin
   875 | D:2      | Reached XP level 4. HP: 33/41 MP: 3/3
  1147 | D:2      | Found a shimmering altar of Xom.
  1185 | D:2      | Found a shattered altar of Ashenzari.
  1216 | D:2      | Became a worshipper of Ashenzari the Shackled
  1371 | D:2      | Reached skill level 5 in Shields
  1640 | D:3      | Reached XP level 5. HP: 47/47 MP: 4/4
  1685 | D:3      | Reached skill level 5 in Fighting
  1766 | D:3      | Noticed an angel
  1767 | D:3      | Found a shimmering altar of Xom.
  1768 | D:3      | Found a glowing silver altar of Zin.
  2452 | D:4      | Identified the +8 mace of Poverty {crush, rPois rF++ MP-9 SInv}
  2460 | D:4      | Noticed Crazy Yiuf
  2470 | D:4      | Killed Crazy Yiuf
  2470 | D:4      | Reached skill level 1 in Maces & Flails
  2737 | D:4      | Found a bloodstained altar of Trog.
  2746 | D:4      | Noticed a hippogriff
  2756 | D:4      | Killed a hippogriff
  2756 | D:4      | Reached skill level 5 in Armour
  2756 | D:4      | Reached XP level 6. HP: 50/56 MP: 5/5
  2848 | D:4      | Acquired Ashenzari's first power
  2924 | D:4      | Noticed an ogre
  2932 | D:4      | Killed an ogre
  3186 | D:4      | Reached skill level 6 in Armour
  3188 | D:4      | Reached XP level 7. HP: 44/61 MP: 6/6
  3503 | D:5      | Entered Level 5 of the Dungeon
  3535 | D:5      | Found a white marble altar of Elyvilon.
  3713 | D:5      | Identified the cursed +3 glaive "Joteifo" {antimagic, +Blink rC+ rN+ Int+3}
  3717 | D:5      | Found Ycu Poxi's General Store.
  3717 | D:5      | Acquired Ashenzari's second power
  3721 | D:5      | Found Unais's Antique Weapon Boutique.
  3737 | D:5      | Bought a scroll of remove curse for 39 gold pieces
  3737 | D:5      | Bought a scroll of remove curse for 39 gold pieces
  3918 | D:5      | Found Keoteih's Food Emporium.
  3984 | D:5      | Found Awnoshyt's Gadget Boutique.
  4000 | D:5      | Found a sacrificial altar of Ru.
  4004 | D:5      | Found a burning altar of Makhleb.
  4341 | D:6      | Reached skill level 7 in Armour
  4342 | D:6      | Reached skill level 5 in Maces & Flails
  4345 | D:6      | Found Duham's Distillery.
  4445 | D:6      | Bought a potion of heal wounds for 75 gold pieces
  4445 | D:6      | Bought 2 potions of curing for 90 gold pieces
  4445 | D:6      | Bought a potion of heal wounds for 75 gold pieces
  4721 | D:6      | Found Gubikil's Antique Armour Shop.
  4724 | D:6      | Bought a pair of embroidered boots for 121 gold pieces
  4729 | D:6      | Identified a +0 pair of boots of running (You bought it in a shop on level 6 of the Dungeon)
  4840 | D:6      | Reached XP level 8. HP: 68/68 MP: 0/7
  4992 | D:6      | Reached skill level 8 in Armour
  5015 | D:6      | Found Ogiukh's Antique Armour Shoppe.
  5493 | D:7      | Reached skill level 9 in Armour
  5553 | D:7      | Reached skill level 1 in Evocations
  5595 | D:7      | Acquired Ashenzari's third power
  5672 | D:7      | Reached XP level 9. HP: 74/74 MP: 0/9
  5710 | D:7      | Found a sparkling altar of Nemelex Xobeh.
  5804 | D:7      | Found a staircase to the Ecumenical Temple.
  5817 | Temple   | Entered the Ecumenical Temple
  5856 | D:7      | Noticed Rayvis's ghost (experienced MiFi)
  5961 | D:7      | Found an opulent altar of Gozag.
  6236 | D:8      | Found a staircase to the Lair.
  6694 | D:8      | Reached skill level 10 in Maces & Flails
  6812 | D:8      | Acquired Ashenzari's fourth power
  6830 | D:8      | Noticed Erica
  6847 | D:8      | Killed Erica
  6847 | D:8      | Reached skill level 5 in Evocations
  6847 | D:8      | Reached XP level 10. HP: 76/81 MP: 3/12
  7174 | D:8      | Noticed Grum
  7219 | D:8      | Killed Grum
  7689 | D:8      | Reached skill level 11 in Maces & Flails
  8116 | D:9      | Found a blossoming altar of Fedhas.
  8215 | D:9      | Reached skill level 12 in Maces & Flails
  8525 | D:9      | Acquired Ashenzari's fifth power
  8757 | D:10     | Entered Level 10 of the Dungeon
  8773 | D:10     | Identified the Guide on Transmigration (You found it on level 10 of the Dungeon)
  8779 | D:10     | Learned a level 1 spell: Summon Butterflies
  8781 | D:10     | Learned a level 1 spell: Apportation
  8855 | D:10     | Noticed a hell beast
  8855 | D:10     | Noticed a rust devil
  8856 | D:10     | Found a corrupted altar of Lugonu.
  9028 | D:10     | Noticed a hill giant
  9061 | D:10     | Killed a hill giant
  9061 | D:10     | Reached XP level 11. HP: 86/89 MP: 6/15
  9112 | D:10     | Reached skill level 1 in Spellcasting
  9642 | D:11     | Noticed a hill giant
  9649 | D:11     | Killed a hill giant
  9861 | D:11     | Reached skill level 10 in Shields
  9897 | D:11     | Noticed a hill giant
  9902 | D:11     | Killed a hill giant
  9902 | D:11     | Reached skill level 1 in Summonings
  9933 | D:11     | Noticed a hill giant
  9945 | D:11     | Killed a hill giant
 10359 | D:12     | Noticed a hill giant
 10377 | D:12     | Killed a hill giant
 10377 | D:12     | Reached skill level 10 in Armour
 10862 | D:12     | Found a staircase to the Orcish Mines.
 11186 | D:12     | Noticed a six-headed hydra
 11192 | D:12     | Killed a six-headed hydra
 11192 | D:12     | Reached XP level 12. HP: 79/100 MP: 7/16
 11632 | D:12     | Noticed a hill giant
 11644 | D:12     | Killed a hill giant
 11897 | D:13     | Noticed a catoblepas
 11942 | D:13     | Killed a catoblepas
 12775 | D:13     | Found Gin Rob's Pet Rocks.
 13580 | D:14     | Noticed a centaur warrior
 13594 | D:14     | Killed a centaur warrior
 13706 | D:14     | Reached skill level 13 in Shields
 13986 | Lair:1   | Entered Level 1 of the Lair of Beasts
 14250 | Lair:1   | Reached skill level 10 in Fighting
 14769 | Lair:1   | Reached XP level 13. HP: 113/113 MP: 8/17
 14859 | Lair:1   | Noticed shakdrar's ghost (powerful GrFi)
 14871 | Lair:1   | Killed shakdrar's ghost
 14981 | Lair:1   | Noticed a fire dragon
 15016 | Lair:1   | Killed a fire dragon
 15662 | Lair:2   | Identified the +3 war axe of Precise Incision {chop, rC+}
 15921 | Lair:2   | Noticed luca467's ghost (powerful MiBe)
 15950 | Lair:2   | Killed luca467's ghost
 16577 | Lair:3   | Reached skill level 14 in Shields
 17148 | Lair:4   | Identified the +5 dire flail of Pystriaho {freeze, +Blink rF- MR+ Dex+4}
 17527 | Lair:4   | Reduced skill Long Blades to level 1
 17560 | Lair:4   | Found a hole to the Spider Nest.
 17870 | Lair:5   | Found a staircase to the Swamp.
 18467 | Lair:6   | Reduced skill Spellcasting to level 1
 18467 | Lair:6   | Reached skill level 15 in Shields
 18819 | Lair:6   | Reached skill level 16 in Shields
 18941 | Lair:6   | Reached XP level 14. HP: 121/121 MP: 9/18
 19724 | Lair:7   | Reached skill level 17 in Shields
 20741 | Lair:7   | Reached skill level 18 in Shields
 20982 | Lair:8   | Entered Level 8 of the Lair of Beasts
 21010 | Lair:8   | Found a staircase to the Slime Pits.
 21590 | D:6      | Bought a large shield for 126 gold pieces
 21874 | Spider:1 | Entered Level 1 of the Spider Nest
 21987 | Spider:1 | Noticed an emperor scorpion
 22031 | Spider:1 | Killed an emperor scorpion
 22344 | Spider:1 | Reached skill level 19 in Shields
 23484 | Spider:2 | Reached XP level 15. HP: 126/126 MP: 10/19
 23742 | Spider:2 | Reached skill level 20 in Shields
 23776 | Spider:2 | Identified the +7 longbow of the Snake Pit {velocity, *Confuse +Blink Str+5}
 24780 | Spider:3 | Noticed Arachne
 24812 | Spider:3 | Killed Arachne
 25598 | Spider:3 | Reached skill level 21 in Shields
 25657 | Spider:3 | Noticed Azrael
 25688 | Spider:3 | Killed Azrael
 26761 | Spider:4 | Entered Level 4 of the Spider Nest
 28966 | Spider:4 | Reached skill level 10 in Evocations
 28998 | Spider:4 | Reached XP level 16. HP: 69/134 MP: 13/22
 29480 | Spider:4 | Reached skill level 22 in Shields
 29688 | Spider:4 | Got a gossamer rune of Zot
 30400 | Spider:3 | HP: 2/135 [wolf spider (6)]
 30401 | Spider:3 | Succumbed to a wolf spider's poison

Vault maps used:
D:1:      dpeg_arrival_morbid_curiosity
D:2:      ashenzari_altar_1, xom_teletrap_fun, uniq_robin
D:3:      grunt_temple_overflow_order_and_chaos_1
D:4:      lemuel_doored_altar, uniq_crazy_yiuf_cottage
D:5:      nicolae_overflow_hidden_temple, serial_shops, shop, shop, shop,
          nicolae_shop_trees, first_bread
D:6:      serial_shops, nicolae_shop_trees, nicolae_shop_behind_doors, shop
D:7:      old_standard_altar, minmay_temple_entry_hall, grunt_ogre_cave,
          grunt_decor_arrowhead, nemelex_lonely_heart_becter
D:8:      erik_lair_island, minmay_misc_feat_enclosed, uniq_grum, uniq_erica
D:9:      kennysheep_mini, minivault_22
D:10:     roderic_serpentine_path, lemuel_hellish_altar
D:12:     david_orc_2
D:13:     glass_columns_a, guppyfry_shop_earth
D:14:     david_vaults_4, roderic_digamma_sauvastika, serial_curves,
          eino_curves_01, eino_curves_03
Temple:   nicolae_temple_no_exploring_needed
Lair:1:   dragon1_lemuel, serial_bayou_lake_a, grunt_megastairs_2
Lair:4:   nicolae_spider_entry_tight_spaces
Lair:5:   swamp_mist, serial_bayou_shore_a, lemuel_fruit_tree
Lair:6:   minmay_lair_venomous_thicket, forest_entry_grove, lemuel_fruit_fields
Lair:7:   serial_bayou, serial_bayou_crossing, serial_bayou_ford_a,
          serial_bayou_pond_c, serial_bayou_lagoon_a, serial_bayou_shore_b,
          serial_bayou_pond_c, zaba_anthell
Lair:8:   minmay_lair_end_frog_pond, minmay_slime_entry_jelly_boxes,
          st_stairs_13, lemuel_fruit_fields
Spider:1: hangedman_spider_tarantella_strand
Spider:3: spider_trap, uniq_azrael, uniq_arachne
Spider:4: spider_rune_water

Action                   |  1- 3 |  4- 6 |  7- 9 | 10-12 | 13-15 | 16-18 || total
-------------------------+-------+-------+-------+-------+-------+-------++-------
Melee: Long sword        |   104 |   132 |    27 |       |       |       ||   263
       Club              |       |    20 |       |       |       |       ||    20
       Mace              |       |       |   249 |   754 |  1998 |   263 ||  3264
Throw: Tomahawk          |       |       |       |    26 |     3 |       ||    29
Invok: Scrying           |       |       |       |     2 |     1 |       ||     3
       Transfer Knowledg |       |       |       |       |     3 |       ||     3
Evoke: Wand              |       |       |       |     3 |    12 |     7 ||    22
       Phial of floods   |       |       |       |       |     5 |       ||     5
  Use: Scroll            |       |     5 |    18 |    19 |    16 |     8 ||    66
       Potion            |       |       |       |     2 |     6 |     4 ||    12
 Stab: Distracted        |       |       |       |       |     1 |       ||     1
       Paralysed         |       |       |       |       |     5 |       ||     5
  Eat: Chunk             |       |     7 |    12 |    20 |    37 |     1 ||    77
       Fruit             |       |       |       |     2 |     5 |     1 ||     8
       Bread ration      |       |       |       |     1 |     1 |     1 ||     3
